 Dungeon Crawl Stone Soup version 0.29.1-1-gd02db6906a (webtiles) character file.

Game seed: 6206459050375851340

744 drewk1942 the Cleaver (level 8, 0/63 HPs)
             Began as a Meteoran Fighter on Oct 6, 2022.
             Was an Initiate of Okawaru.
             Slain by an iguana (5 damage)
             ... on level 4 of the Dungeon.
             The game lasted 00:08:01 (2531 turns).

drewk1942 the Cleaver (Meteoran Fighter)            Turns: 2531, Time: 00:08:03

Health: 0/63       AC: 11    Str: 20    XL:     8   Next: 26%
Magic:  9/9        EV:  9    Int: 10    God:    Okawaru [......]
Gold:   174        SH:  5    Dex: 13    Spells: 7/7 levels left

rFire   . . .      SeeInvis .   a - +0 war axe
rCold   . . .      Faith    .   c - +0 buckler
rNeg    . . .      Spirit   .   b - +0 scale mail
rPois   .          Reflect  .   (no helmet)
rElec   .          Harm     .   (no cloak)
rCorr   +          Rampage  .   (no gloves)
Will    +....                   (no boots)
Stlth   ..........              (no amulet)
HPRegen 0.20/turn               l - ring of resist corrosion
MPRegen 0.11/turn               o - +4 ring of protection

@: glowing
A: sense surroundings 1, otherworldly, glowing, explore regen
a: Renounce Religion


You were on level 4 of the Dungeon.
You worshipped Okawaru.
Okawaru was noncommittal.
You visited 1 branch of the dungeon, and saw 5 of its levels.
You also visited: Sewer.

You collected 174 gold pieces.

Inventory:

Hand Weapons
 a - a +0 war axe (weapon)
 d - a +4 quarterstaff of chaos
 r - a +0 hammer
Armour
 b - a +0 scale mail (worn)
 c - a +0 buckler (worn)
 q - a +0 cloak
Jewellery
 l - a ring of resist corrosion (left hand)
 o - a +4 ring of protection (right hand)
Wands
 v - a wand of flame (9)
Scrolls
 e - 3 scrolls of identify {unknown}
 g - a scroll of fear {unknown}
 i - 3 scrolls of fog {unknown}
 p - a scroll of teleportation {unknown}
 s - 3 scrolls of enchant weapon {unknown}
 t - a scroll of noise {unknown}
 u - a scroll of magic mapping {unknown}
 y - 2 scrolls of poison {unknown}
Potions
 f - 2 potions of berserk rage {unknown}
 h - 3 potions of curing {unknown}
 j - 2 potions of lignification {unknown}
 k - 2 potions of heal wounds {unknown}
 m - a potion of ambrosia {unknown}
 n - 2 potions of degeneration {unknown}
 w - a potion of resistance {unknown}
 x - a potion of might
 z - a potion of brilliance {unknown}


   Skills:
 - Level 3.4 Fighting
 * Level 10.1 Axes
 - Level 3.7 Armour
 - Level 3.7 Shields


You had 7 spell levels left.
You didn't know any spells.
Your spell library contained the following spells:

 Spells                   Type           Power      Damage    Failure   Level
 Poisonous Vapours        Pois/Air       0%         N/A       91%         2
 Corpse Rot               Necr/Pois/Air  0%         N/A       100%        4


Dungeon Overview and Level Annotations

Branches:
Dungeon (5/15) Zot: 621    Temple (0/1) D:4           Sewer (visited)

Altars:
Cheibriados
Hepliaklqana
Kikubaaqudgha
Okawaru
Ru
Sif Muna
Trog
Xom
Yredelemnul


Innate Abilities, Weirdness & Mutations

You passively map a small area around you.
You are easily found by Zot.
You glow in the dark.
You regain HP and MP as you explore.


Message History

The scorpion barely misses you. You block the orc's attack.
Your Axes skill increases to level 10!
The orc attacks as you move away! The orc barely misses you.
The scorpion attacks as you move away!
The scorpion stings you but does no damage.
The adder bites you but does no damage.
There is a stone staircase leading up here.
The adder bites you but does no damage. The scorpion stings you.
The iguana bites you but does no damage.
The adder bites you.
* * * LOW HITPOINT WARNING * * *
You are poisoned.
The adder poisons you!
The scorpion stings you but does no damage.
You climb upwards.
You feel sick.
There is a stone staircase leading down here.
You hit the iguana.
The iguana is lightly wounded.
You miss the adder. You hit the scorpion.
You feel sick.
The iguana bites you but does no damage.
You block the adder's attack.
The scorpion stings you but does no damage.
You slash the iguana!
The iguana is heavily wounded.
You slash the adder! You hit the scorpion.
You feel sick. The adder bites you but does no damage. The iguana bites you.
* * * LOW HITPOINT WARNING * * *
You block the scorpion's attack.
You completely miss the iguana.
The iguana is heavily wounded.
You miss the adder. You barely miss the scorpion.
You feel sick. The adder barely misses you. You block the scorpion's attack.
The iguana closely misses you. The adder closely misses you.
You hit the iguana.
The iguana is almost dead.
You closely miss the scorpion. You closely miss the adder.
You feel sick.
You are no longer poisoned.
The scorpion stings you but does no damage.
The iguana bites you.
You die...

#.# #.# ##...## 8(. #.# #.#
##'## ##_ ##.# #.# #.# ###
#..#####.# #.# #######..
#........# ##.## #....##..
#.##.###.# ##...## #.##.##.#
#.##.###.###.....# #.......#
#.##......sS#...####†.#.####
#.######.##@l.........#.#
#.# #.###########....#
#.######.# ###### #........#
##########


You could see a scorpion, an iguana and an adder.

Vanquished Creatures
  A water moccasin (Sewer)
  An ice beast (D:5)
  An ogre (D:4)
  A necrophage (D:5)
  2 scorpions (D:4)
  A hound (D:5)
  Crazy Yiuf (D:2)
  Jessica (D:3)
  2 iguanas (D:4)
  6 adders
  2 worms
  3 dart slugs
  An orc (D:3)
  7 bats
  7 endoplasms
  3 giant cockroaches (D:4)
  5 goblins
  5 hobgoblins
  12 jackals
  8 kobolds
  6 quokkas
  9 ball pythons
  2 frilled lizards
  3 rats
90 creatures vanquished.

Notes
Turn   | Place    | Note
-------+----------+-------------------------------------------
     0 | D:1      | drewk1942 the Meteoran Fighter began the quest for the Orb.
     0 | D:1      | Reached XP level 1. HP: 19/19 MP: 2/2
    24 | D:1      | Reached XP level 2. HP: 25/26 MP: 3/3
    79 | D:1      | Reached skill level 3 in Axes
   397 | D:1      | Reached XP level 3. HP: 31/31 MP: 4/4
   473 | D:1      | Found a faded altar of an unknown god.
   475 | D:1      | Glimpsed the power of Zot.
   511 | D:2      | Reached skill level 4 in Axes
   511 | D:2      | Reached XP level 4. HP: 38/38 MP: 5/5
   648 | D:2      | Reached skill level 5 in Axes
   745 | D:2      | Found a runed translucent door.
   746 | D:2      | Noticed Crazy Yiuf
   937 | D:2      | Reached XP level 5. HP: 45/45 MP: 6/6
  1045 | D:2      | Killed Crazy Yiuf
  1065 | D:2      | Glimpsed the power of Zot.
  1175 | D:3      | Reached skill level 6 in Axes
  1199 | D:3      | Noticed Jessica
  1202 | D:3      | Killed Jessica
  1206 | D:3      | Reached XP level 6. HP: 51/51 MP: 7/7
  1210 | D:3      | Found a faded altar of an unknown god.
  1214 | D:3      | Found an iron altar of Okawaru.
  1300 | D:4      | Reached skill level 7 in Axes
  1301 | D:4      | Found a snail-covered altar of Cheibriados.
  1311 | D:4      | Found a sacrificial altar of Ru.
  1313 | D:4      | Found a bloodstained altar of Trog.
  1315 | D:4      | Found a shimmering blue altar of Sif Muna.
  1321 | D:4      | Found a shimmering altar of Xom.
  1453 | D:4      | Noticed an ogre
  1461 | D:4      | Killed an ogre
  1462 | D:4      | Reached XP level 7. HP: 57/57 MP: 8/8
  1499 | D:4      | Reached skill level 8 in Axes
  1503 | D:4      | Found a glowing drain.
  1517 | Sewer    | Entered a sewer
  1550 | Sewer    | Noticed a water moccasin
  1559 | Sewer    | Killed a water moccasin
  1912 | D:4      | Reached skill level 9 in Axes
  1920 | D:4      | Found a basalt altar of Yredelemnul.
  1922 | D:4      | Found a hazy altar of Hepliaklqana.
  1924 | D:4      | Found an ancient bone altar of Kikubaaqudgha.
  2157 | D:3      | Became a worshipper of Warmaster Okawaru
  2413 | D:4      | Found a staircase to the Ecumenical Temple.
  2455 | D:4      | Glimpsed the power of Zot.
  2505 | D:4      | Glimpsed the power of Zot.
  2506 | D:5      | Entered Level 5 of the Dungeon
  2516 | D:5      | Reached XP level 8. HP: 48/63 MP: 9/9
  2525 | D:5      | Reached skill level 10 in Axes
  2531 | D:4      | Slain by an iguana

Illustrated notes

Levels and vault maps discovered:
D:1:      lightli_arrival_statuegarden, layout_rooms,
          nicolae_ecumenical_snake_handling, minmay_misc_feat_roman
D:2:      layout_rooms, minmay_misc_feat_diagonals, grunt_decor_mini_mirrors,
          uniq_crazy_yiuf_cottage
D:3:      layout_loops_corners, mainiacjoe_overflow_24_doors,
          nicolae_overflow_ecumenical_swirl, minmay_ogre_servants, uniq_jessica
D:4:      layout_loops_corners, nicolae_overflow_hallway_of_the_gods,
          nicolae_overflow_hidden_temple, temple_statues, gup_sewer_entry_pipe,
          minmay_stone_trees_large
D:5:      layout_basic, minmay_tree_intersection, minmay_fractal_squares_5

Skill      XL: |  1  2  3  4  5  6  7  8 |
---------------+-------------------------+-----
Axes           | 3 4 5 6 7 9 10 | 10.1
Fighting       | |  3.4
Armour         | |  3.7
Shields        | |  3.7

Action                   |  1- 3 |  4- 6 |  7- 9 || total
-------------------------+-------+-------+-------++-------
Melee: War axe           |    68 |    81 |    74 ||   223
  Use: Potion            |       |     1 |       ||     1
Armor: Scale mail        |    50 |    42 |    48 ||   140
Dodge: Dodged            |    28 |    36 |    35 ||    99
Block: Buckler           |    17 |    12 |    21 ||    50
